 Dungeon Crawl Stone Soup version 0.29-a0-909-g30c7767f5c (webtiles) character file.

Game seed: 6912484949435344205

106 GrandHerb the Sneak (level 4, -6/22 HPs)
             Began as a Spriggan Enchanter on July 25, 2022.
             Mangled by a goblin
             ... wielding a +5 dagger
             ... led by Robin
              (11 damage)
             ... on level 2 of the Dungeon.
             The game lasted 00:17:01 (2463 turns).

GrandHerb the Sneak (Spriggan Enchanter)            Turns: 2463, Time: 00:17:02

Health: -6/22      AC:  3    Str:  4    XL:     4   Next: 55%
Magic:  6/10       EV: 18    Int: 16    God:
Gold:   103        SH:  0    Dex: 17    Spells: 7/9 levels left

rFire   . . .      SeeInvis +   a - +1 dagger
rCold   . . .      Faith    .   (no shield)
rNeg    . . .      Spirit   .   b - +0 robe
rPois   .          Reflect  .   (helmet restricted)
rElec   .          Harm     .   i - +0 cloak
rCorr   .          Rampage  .   (gloves unavailable)
Will    .....                   (boots unavailable)
Stlth   +++.......              (no amulet)
HPRegen 0.07/turn               (no ring)
MPRegen 0.12/turn               (no ring)

@: very quick
A: very small, no large weapons, unfitting armour, see invisible, speed 3
a: no special abilities


You were on level 2 of the Dungeon.
You visited 1 branch of the dungeon, and saw 3 of its levels.

You collected 103 gold pieces.

Inventory:

Hand Weapons
 a - a +1 dagger (weapon)
Armour
 b - a +0 robe (worn)
 i - a +0 cloak (worn)
Magical Staves
 h - a staff of cold
Scrolls
 e - a scroll of fear {unknown}
 g - a scroll of blinking {unknown}
 j - a scroll of identify {unknown}
 k - a scroll of teleportation {unknown}
Potions
 c - a potion of invisibility
 d - a potion of brilliance {unknown}
 f - 2 potions of flight {unknown}


   Skills:
 + Level 1.3 Fighting
 + Level 2.0 Short Blades
 + Level 3.4 Dodging
 + Level 5.4 Stealth
 + Level 3.3 Spellcasting
 + Level 4.2 Hexes


You had 7 spell levels left.
You knew the following spells:

 Your Spells              Type           Power      Damage    Failure   Level
a - Ensorcelled Hibernat  Hex/Ice        18%        N/A       12%         2

Your spell library contained the following spells:

 Spells                   Type           Power      Damage    Failure   Level
 Confusing Touch          Hex            16%        N/A       10%         3
 Tukima's Dance           Hex            16%        N/A       10%         3
 Dazzling Flash           Conj/Hex       18%        N/A       22%         3
 Scorch                   Fire           4%         2d5       26%         2
 Flame Wave               Conj/Fire      2%         2d4       87%         4
 Dispersal                Tloc           1%         N/A       100%        6
 Summon Cactus Giant      Summ           1%         N/A       100%        6
 Disjunction              Tloc           1%         N/A       100%        8


Dungeon Overview and Level Annotations

Branches:
Dungeon (3/15)

Altars:

Annotations:
D:2 Robin


Innate Abilities, Weirdness & Mutations

You are very small and have problems with some larger weapons.
You are too small for most types of armour.
You have supernaturally acute eyesight. (SInv)
You cover ground extremely quickly. (Speed+++)


Message History

You impale the hobgoblin!!
You kill the hobgoblin!
A goblin comes into view. It is wielding a +0 club.
The goblin completely misses you.
The goblin shouts!
You see here a hobgoblin corpse.
The goblin shouts!
Robin throws the goblin at you! The goblin misses you.
You hit the goblin.
The goblin is severely wounded.
A goblin comes into view. It is wielding a +5 dagger.
The goblin closely misses you. The goblin hits you with a +0 club.
You hit the goblin.
You kill the goblin!
Robin throws the goblin at you! The goblin closely misses you.
The goblin hits you but does no damage.
You hit the goblin.
You kill the goblin!
Robin throws the goblin at you! The goblin hits you with a +0 club.
A hobgoblin comes into view.
You hit the goblin.
The goblin is moderately wounded.
The goblin hits you with a +0 club.
You hit the goblin.
The goblin is heavily wounded.
Robin roars a battlecry!
The goblins go into a battle-frenzy!
The goblin misses you.
You hit the goblin.
The goblin is severely wounded.
The goblin hits you with a +0 club. The goblin closely misses you.
You hit the goblin but do no damage.
The goblin is severely wounded.
You closely miss the goblin.
The goblin is severely wounded.
The goblin hits you with a +0 club.
* * * LOW HITPOINT WARNING * * *
The goblin hits you with a +5 dagger!
Ouch! That really hurt!
You die...

##############
#............#
#............#
.............#
#............########
.............>.......
##.##################
##.######......g@gg.#
##.#.........#####g...#
##.#......†..# ####.#
##.#.........# #
##.#.........#
##.#.........#
##.#....)....#
##.######.#### ##.#
####.#


You could see Robin, a hobgoblin (strong) and 2 goblins.

Vanquished Creatures
  Terence (D:2)
  4 gnolls (D:2)
  A worm (D:2)
  A dart slug (D:1)
  A ball python (D:1)
  2 bats (D:1)
  3 endoplasms (D:2)
  2 giant cockroaches
  7 goblins
  3 hobgoblins
  4 jackals (D:1)
  6 kobolds
  3 rats (D:1)
38 creatures vanquished.

Notes
Turn   | Place    | Note
-------+----------+-------------------------------------------
     0 | D:1      | GrandHerb the Spriggan Enchanter began the quest for the
                  | Orb.
     0 | D:1      | Reached XP level 1. HP: 9/9 MP: 5/5
   417 | D:1      | Reached XP level 2. HP: 9/14 MP: 6/6
   616 | D:1      | Found a faded altar of an unknown god.
   758 | D:1      | Learned a level 2 spell: Ensorcelled Hibernation
  1676 | D:2      | Reached skill level 5 in Stealth
  1676 | D:2      | Reached XP level 3. HP: 17/17 MP: 4/8
  1705 | D:2      | Reached skill level 1 in Fighting
  1896 | D:2      | You fall into a shaft and drop 1 floor!
  1980 | D:2      | Noticed Terence
  2012 | D:2      | Killed Terence
  2013 | D:2      | Reached XP level 4. HP: 22/22 MP: 0/9
  2322 | D:2      | Identified the +5 mace of Dissatisfaction {vorpal, Fly
                  | rElec Dex-3}
  2451 | D:2      | Noticed Robin
  2463 | D:2      | Mangled by a goblin

Illustrated notes

Levels and vault maps discovered:
D:1:      erik_arrival_triangle_large, layout_basic,
          shapermc_ecumenical_altar_venn, eino_curves_04
D:2:      layout_basic, basic_altar, minmay_misc_feat_x, uniq_terence,
          uniq_robin
D:3:      layout_basic, okawaru_altar_gauntlet_db, minmay_misc_feat_more_columns

Skill      XL: |  1  2  3  4 |
---------------+-------------+-----
Dodging        | 3 |  3.4
Stealth        | 5 |  5.4
Spellcasting   | 3 |  3.3
Hexes          | 4 |  4.2
Fighting       | 1 |  1.3
Short Blades   | 2 |  2.0

Action                   |  1- 3 |  4- 6 || total
-------------------------+-------+-------++-------
Melee: Dagger            |   112 |    22 ||   134
       Punch             |     3 |       ||     3
 Cast: Ensorcelled Hiber |    20 |     5 ||    25
  Use: Potion            |     1 |       ||     1
 Stab: Sleeping          |    14 |     7 ||    21
Armor: Robe              |    14 |     2 ||    16
Dodge: Dodged            |    88 |    12 ||   100

Table legend: (Time is in decaauts)
 A = Elapsed time spent in this place.
 B = Non-inter-level travel time spent in this place.
 C = Inter-level travel time spent in this place.
 D = Time resting spent in this place.
 E = Time spent auto-exploring this place.
 F = Levels seen in this place.
 G = Mean time per level.
                   A        B        C        D        E       F      G
               +--------+--------+--------+--------+--------+-----+--------+
         Total |   1885 |   1839 |     46 |    801 |      0 |   3 |  628.3 |
       Dungeon |   1885 |   1839 |     46 |    801 |      0 |   3 |  628.3 |
               +--------+--------+--------+--------+--------+-----+--------+

Top non-repeatable levels by time:
     D:1: 1111 daAuts
     D:2: 755 daAuts
     D:3: 18 daAuts
